 Dungeon Crawl Stone Soup version 0.29.1 (webtiles) character file.

Game seed: 9633488875758155531

1059 qw the Cleaver (level 8, -2/48 HPs)
             Began as a Gargoyle Fighter on Sept 13, 2022.
             Slain by an ogre
             ... wielding a +0 giant spiked club
              (4 damage)
             ... on level 4 of the Dungeon.
             The game lasted 00:01:21 (3419 turns).

qw the Cleaver (Gargoyle Fighter)                   Turns: 3419, Time: 00:01:22

Health: -2/48      AC: 18    Str: 23    XL:     8   Next: 27%
Magic:  8/8        EV: 10    Int:  6    God:
Gold:   175        SH:  4    Dex:  9    Spells: 7/7 levels left

rFire   . . .      SeeInvis .   Y - +2 broad axe (flame)
rCold   . . .      Faith    .   c - +0 buckler
rNeg    + . .      Spirit   .   j - +5 ring mail of Slovenliness {Fly rElec Int-2 Slay+2}
rPois   inf        Reflect  .   l - +0 helmet
rElec   +          Harm     .   n - +0 cloak
rCorr   .          Rampage  .   (no gloves)
Will    .....                   (no boots)
Stlth   ..........              (no amulet)
HPRegen 0.16/turn               (no ring)
MPRegen 0.11/turn               (no ring)

@: about to teleport, flying
A: sickness immunity, AC +5, negative energy resistance 1, electricity
resistance, torment resistance 1, petrification resistance
a: no special abilities


You were on level 4 of the Dungeon.
You visited 1 branch of the dungeon, and saw 4 of its levels.

You collected 175 gold pieces.


Innate Abilities, Weirdness & Mutations

You are immune to sickness and miasma.
Your stone body is resilient. (AC +5)
You are immune to poison.
You resist negative energy. (rN+)
You are resistant to electric shocks. (rElec)
You are resistant to unholy torment.
You are immune to petrification.


   Skills:
 + Level 4.1 Fighting
 - Level 8.4 Axes
 - Level 3.2 Armour
 - Level 1.0 Dodging
 - Level 3.2 Shields


You had 7 spell levels left.
You didn't know any spells.
Your spell library was empty.

Inventory:

Hand Weapons
 Y - a +2 broad axe of flaming (weapon)
Armour
 c - a +0 buckler (worn)
 j - the +5 ring mail of Slovenliness (worn) {Fly rElec Int-2 Slay+2}
   (You found it on level 3 of the Dungeon)

   Int:       It affects your intelligence (-2).
   Slay:      It affects your accuracy & damage with ranged weapons and melee
   (+2).
   rElec:     It insulates you from electricity.
   Fly:       It grants you flight.
 l - a +0 helmet (worn)
 n - a +0 cloak (worn)
Jewellery
 a - a ring of fire
Scrolls
 b - a scroll of identify
Potions
 d - 2 potions of might
 e - a potion of invisibility {unknown}
 f - a potion of berserk rage {unknown}
 g - a potion of curing {unknown}
 m - a potion of degeneration {unknown}

Dungeon Overview and Level Annotations

Branches:
Dungeon (4/15)
 Temple: D:4-7

Altars:
Dithmenos
Gozag
Vehumet
Xom
Zin

Portals:
Abyss: D:3

Annotations:
D:3 2 transporters, qw's ghost, amateur GrFi


Message History

You kill the jackal!
You barely miss the shadow imp. The shadow imp barely misses you.
You closely miss the shadow imp. You slash the ufetubus! You burn the ufetubus.
You kill the ufetubus!
The shadow imp hits you.
You slash the shadow imp! You burn the shadow imp.
You kill the shadow imp!
The jackal barks!
A jackal comes into view.
3406 ||| Stepping ~*~*~tactically~*~*~ (stealth).
The jackal misses you.
You closely miss the jackal. The jackal bites you.
You closely miss the jackal.
The jackal bites you but does no damage.
You block the jackal's attack.
You hit the jackal. You burn the jackal.
You kill the jackal!
You start resting.
An ogre is nearby!
The ogre shouts!
You start resting.
There are monsters nearby!
The jackal barks!
You slash the ogre! You burn the ogre.
The ogre is heavily wounded.
The ogre hits you with a +0 giant spiked club!!
Ouch! That really hurt!
You slash the ogre! You burn the ogre.
The ogre is severely wounded.
You barely miss the jackal. The jackal barely misses you.
The ogre hits you with a +0 giant spiked club!!
3419 ||| READING scroll of teleportation.
As you read the scroll of teleportation, it crumbles to dust.
You feel strangely unstable.
The jackal bites you but does no damage.
The ogre hits you with a +0 giant spiked club.
You die...

# ##...# ##.## ##..#
##...## .. 7h..
##..###.....# >.....>
##...........# ...7...
#............# .......
#..#.###.....###
.7...7. #..#.#
#....))..
.......###..#.#
#####)### #....O@#..#.#
#.# #..[.h.#..#.# #.#
#......#..#.# #.#
.......#......# #.#
##.#...###......<.....#
# #...#...............
#.....##......##.###
####.. ##....## ...
##..##


You could see an ogre and a jackal.

Vanquished Creatures
  Pikel (D:4)
  Sigmund (D:3)
  2 ogres (D:4)
  A phantom (D:4)
  A lemure (D:4)
  Natasha (D:3)
  An orc wizard (D:4)
  Robin (D:3)
  5 adders
  A shadow imp (D:4)
  An ufetubus (D:4)
  2 worms
  6 orcs
  6 ball pythons
  5 bats
  9 endoplasms
  4 giant cockroaches
  17 goblins
  6 hobgoblins
  3 jackals (D:4)
  A quokka (D:2)
  10 kobolds
  4 rats
89 creatures vanquished.

Notes
Turn   | Place    | Note
-------+----------+-------------------------------------------
     0 | D:1      | qw the Gargoyle Fighter began the quest for the Orb.
     0 | D:1      | Reached XP level 1. HP: 14/14 MP: 1/1
     0 | D:1      | 0 ||| qw: Version: 0.1-a-119-g272c26d
     0 | D:1      | 0 ||| qw: Game counter: 11100
     0 | D:1      | 0 ||| qw: Always use a shield: true
     0 | D:1      | 0 ||| qw: God list: Okawaru
     0 | D:1      | 0 ||| qw: Allow faded altars: false
     0 | D:1      | 0 ||| qw: Do Orc after D:15 true
     0 | D:1      | 0 ||| qw: Do second Lair branch before Depths: true
     0 | D:1      | 0 ||| qw: Lair rune preference: random
     0 | D:1      | 0 ||| qw: Plans: Normal, Zot, God:TSO, Crypt, Tomb, Pan,
                  | Slime, Hells, Zig, Abyss, Orb
     0 | D:1      | 0 ||| PLANNING D:1-11
     7 | D:1      | 7 ||| Stepping ~*~*~tactically~*~*~ (stealth).
    14 | D:1      | Reached skill level 2 in Axes
    47 | D:1      | Reached XP level 2. HP: 13/19 MP: 2/2
   354 | D:1      | 354 ||| DROPPING +0 club.
   386 | D:1      | Found a faded altar of an unknown god.
   588 | D:1      | Reached skill level 3 in Axes
   886 | D:1      | 886 ||| READING scroll labelled EROERA ILUALANWYGE.
   889 | D:1      | 889 ||| READING scroll labelled YSYARU LOQEHET.
   890 | D:1      | 890 ||| READING scroll labelled KOTHUM IJULEMO.
   939 | D:2      | Reached XP level 3. HP: 23/23 MP: 3/3
  1149 | D:2      | 1149 ||| Stepping ~*~*~tactically~*~*~ (stealth).
  1253 | D:2      | 1253 ||| Stepping ~*~*~tactically~*~*~ (stealth).
  1265 | D:2      | 1265 ||| Stepping ~*~*~tactically~*~*~ (stealth).
  1609 | D:2      | 1609 ||| DROPPING scarf of invisibility.
  1610 | D:2      | 1610 ||| READING scroll labelled TEADU GOTACUAPN.
  1611 | D:2      | 1611 ||| READING scroll labelled RIOSTR BESSUESY.
  1611 | D:2      | Identified a scroll of acquirement
  1611 | D:2      | 1611 ||| ACQUIRING +2 broad axe of flaming
  1611 | D:2      | Acquired a +2 broad axe of flaming
  1613 | D:2      | 1613 ||| SWAPPING to +2 broad axe of flaming.
  1614 | D:2      | 1614 ||| DROPPING +0 whip.
  1615 | D:2      | 1615 ||| DROPPING +0 war axe.
  1616 | D:2      | 1616 ||| READING scroll labelled OXONIM IWNID.
  1676 | D:3      | Found a shadowy altar of Dithmenos.
  1676 | D:3      | Found a glowing silver altar of Zin.
  1700 | D:3      | Reached XP level 4. HP: 26/28 MP: 4/4
  1719 | D:3      | Found a transporter.
  1721 | D:3      | Found a transporter.
  1796 | D:3      | Noticed Sigmund
  1807 | D:3      | Killed Sigmund
  1808 | D:3      | Reached skill level 5 in Axes
  1808 | D:3      | Reached XP level 5. HP: 18/32 MP: 5/5
  1993 | D:3      | Reached XP level 6. HP: 37/37 MP: 6/6
  2027 | D:3      | Noticed Robin
  2028 | D:3      | 2028 ||| Stepping ~*~*~tactically~*~*~ (stealth).
  2029 | D:3      | 2029 ||| Stepping ~*~*~tactically~*~*~ (stealth).
  2035 | D:3      | 2035 ||| Stepping ~*~*~tactically~*~*~ (stealth).
  2073 | D:3      | Identified the +5 ring mail of Slovenliness {Fly rElec
                  | Int-2 Slay+2}
  2091 | D:3      | Noticed a toenail golem
  2264 | D:3      | Found a shimmering altar of Xom.
  2374 | D:3      | Noticed Natasha
  2375 | D:3      | 2375 ||| Stepping ~*~*~tactically~*~*~ (hiding).
  2385 | D:3      | Killed Natasha
  2391 | D:3      | Killed Robin
  2619 | D:3      | Found a one-way gate to the infinite horrors of the Abyss.
  2619 | D:3      | Noticed qw's ghost (amateur GrFi)
  2644 | D:3      | 2644 ||| Stepping ~*~*~tactically~*~*~ (stealth).
  2645 | D:3      | 2645 ||| Stepping ~*~*~tactically~*~*~ (stealth).
  2646 | D:3      | 2646 ||| Stepping ~*~*~tactically~*~*~ (stealth).
  2647 | D:3      | 2647 ||| Stepping ~*~*~tactically~*~*~ (stealth).
  2648 | D:3      | 2648 ||| Stepping ~*~*~tactically~*~*~ (stealth).
  2669 | D:3      | Reached skill level 1 in Dodging
  2720 | D:3      | Found a radiant altar of Vehumet.
  2767 | D:3      | 2767 ||| UPGRADING to +5 ring mail of Slovenliness {Fly
                  | rElec Int-2 Slay+2}.
  2777 | D:3      | 2777 ||| DROPPING +0 scale mail.
  2778 | D:3      | 2778 ||| UPGRADING to +0 helmet.
  2783 | D:3      | 2783 ||| UPGRADING to +0 cloak.
  2788 | D:3      | 2788 ||| READING scroll labelled NELOBR ZATOXUBO.
  2789 | D:3      | 2789 ||| READING scroll labelled EPROPR ZEHIM.
  2790 | D:3      | 2790 ||| DRINKING 2 sapphire potions.
  2791 | D:3      | 2791 ||| DRINKING 3 bubbling inky potions.
  2792 | D:3      | 2792 ||| DROPPING 2 potions of brilliance.
  2870 | D:4      | Reached skill level 6 in Axes
  3014 | D:4      | Found an opulent altar of Gozag.
  3047 | D:4      | 3047 ||| Stepping ~*~*~tactically~*~*~ (stealth).
  3052 | D:4      | Reached XP level 7. HP: 19/43 MP: 7/7
  3054 | D:4      | HP: 9/43 [ogre/+0 giant club (10)]
  3055 | D:4      | 3055 ||| READING 2 scrolls of teleportation.
  3055 | D:4      | HP: 1/43 [ogre/+0 giant club (8)]
  3056 | D:4      | 3056 ||| DRINKING potion of heal wounds.
  3222 | D:4      | Noticed Pikel
  3223 | D:4      | 3223 ||| Stepping ~*~*~tactically~*~*~ (hiding).
  3235 | D:4      | 3235 ||| Stepping ~*~*~tactically~*~*~ (stealth).
  3244 | D:4      | Killed Pikel
  3245 | D:4      | Reached skill level 8 in Axes
  3245 | D:4      | Reached XP level 8. HP: 27/48 MP: 8/8
  3397 | D:4      | 3397 ||| Stepping ~*~*~tactically~*~*~ (stealth).
  3399 | D:4      | 3399 ||| Stepping ~*~*~tactically~*~*~ (stealth).
  3406 | D:4      | 3406 ||| Stepping ~*~*~tactically~*~*~ (stealth).
  3418 | D:4      | HP: 2/48 [ogre/+0 giant spiked club (21)]
  3419 | D:4      | 3419 ||| READING scroll of teleportation.
  3419 | D:4      | Slain by an ogre

Levels and vault maps discovered:
D:1:      co_arrival_hall_of_pillars, layout_loops_ring,
          ebering_ecumenical_altar_hall
D:2:      layout_basic
D:3:      layout_basic, mainiacjoe_overflow_six_doors_small, marbit_many_paths,
          gammafunk_temple_overflow_statue, gammafunk_ghost_abyssal_escape,
          roderic_serpentine_path, uniq_sigmund, uniq_natasha, uniq_robin
D:4:      layout_loops_ring, nicolae_gozag_seed_capital,
          corexii_leaking_fountain, minivault_19, grunt_ministairs_10,
          uniq_pikel

Skill      XL: |  1  2  3  4  5  6  7 |
---------------+----------------------+-----
Axes           | 2 3 5 6 8 |  8.4
Fighting       | 4 |  4.1
Dodging        | 1 |  1.0
Armour         | |  3.2
Shields        | |  3.2

Action                   |  1- 3 |  4- 6 |  7- 9 || total
-------------------------+-------+-------+-------++-------
Melee: War axe           |    98 |       |       ||    98
       Broad axe         |     7 |    91 |    41 ||   139
  Use: Scroll            |     6 |     2 |     2 ||    10
       Potion            |       |     2 |     1 ||     3
Armor: Scale mail        |    49 |    34 |       ||    83
       Ring mail         |       |    13 |    11 ||    24
Dodge: Dodged            |    42 |    38 |    12 ||    92
Block: Buckler           |    23 |    25 |     6 ||    54

Table legend:
 A = Non-vault XP
 B = Vault XP
 C = Vault XP percentage of total XP
 D = Non-vault monster count
 E = Vault monster count
 F = Vault count percentage of total count
                 A         B        C        D         E       F
            +---------+---------+-------+---------+---------+-------
      Total |     564 |     950 |  62.7 |      69 |      19 |  21.6
            +---------+---------+-------+---------+---------+-------
        D:1 |      33 |       0 |   0.0 |      19 |       0 |   0.0
        D:2 |      45 |       0 |   0.0 |      13 |       0 |   0.0
        D:3 |      61 |     302 |  83.2 |      19 |      16 |  45.7
        D:4 |     425 |     648 |  60.4 |      18 |       3 |  14.3
            +---------+---------+-------+---------+---------+-------
